 Dungeon Crawl Stone Soup version 0.29-a0-559-g359e09b9d1 (webtiles) character file.

Game seed: 2515752208225421737

10834 ders the Earth Mage (level 11, 0/54 HPs)
             Began as a Gargoyle Earth Elementalist on June 9, 2022.
             Slain by a vampire mosquito (2 damage)
             ... on level 9 of the Dungeon.
             The game lasted 00:17:30 (13178 turns).

ders the Earth Mage (Gargoyle Earth Elementalist)  Turns: 13178, Time: 00:17:30

Health: 0/54       AC: 12    Str: 13    XL:     11   Next: 68%
Magic:  23/23      EV: 13    Int: 19    God:
Gold:   568        SH:  0    Dex: 16    Spells: 10/27 levels left

rFire   . . .      SeeInvis .   f - +1 dagger
rCold   . . .      Faith    .   (no shield)
rNeg    + . .      Spirit   .   b - +0 robe
rPois   ∞          Reflect  .   x - +0 helmet
rElec   +          Harm     .   (no cloak)
rCorr   .          Rampage  .   (no gloves)
Will    +....                   j - +0 pair of boots
Stlth   ++........              u - amulet of regeneration
HPRegen 0.98/turn               G - +6 ring of dexterity
MPRegen 0.18/turn               A - ring of willpower

@: about to teleport
A: sickness immunity, AC +8, negative energy resistance 1, electricity
resistance, torment resistance 1, petrification resistance
a: no special abilities


You were on level 9 of the Dungeon.
You visited 2 branches of the dungeon, and saw 11 of its levels.

You collected 689 gold pieces.
You spent 121 gold pieces at shops.

Inventory:

Hand Weapons
 f - a +1 dagger (weapon)
Missiles
 z - 27 stones
 L - 2 throwing nets
Armour
 b - a +0 robe (worn)
 j - a +0 pair of boots (worn)
 x - a +0 helmet (worn)
 K - a +0 hat
Jewellery
 o - a ring of willpower
 r - a +6 ring of strength
 u - an amulet of regeneration (around neck)
 A - a ring of willpower (right hand)
 G - a +6 ring of dexterity (left hand)
Wands
 y - a wand of polymorph (22)
 E - a wand of flame (17)
 M - a wand of iceblast (2)
Scrolls
 m - a scroll of enchant armour
 n - 2 scrolls of fear
 q - 2 scrolls of noise
 C - a scroll of fog
Potions
 a - 3 potions of ambrosia
 d - 3 potions of degeneration
 e - a potion of mutation
 g - 3 potions of flight
 i - 3 potions of curing
 k - 2 potions of heal wounds
 l - 4 potions of lignification
 p - 2 potions of cancellation
 s - 3 potions of might
 t - 4 potions of haste
 v - 2 potions of brilliance
 w - a potion of attraction {unknown}
 J - a potion of berserk rage {unknown}
Miscellaneous
 h - a phantom mirror


   Skills:
 - Level 3.1 Dodging
 - Level 2.3 Stealth
 + Level 8.6 Spellcasting
 + Level 9.9 Conjurations
 - Level 1.0 Transmutations
 * Level 15.0 Earth Magic


You had 10 spell levels left.
You knew the following spells:

 Your Spells              Type           Power      Damage    Failure   Level
a - Sandblast             Erth           100%       2d20      1%          1
b - Stone Arrow           Conj/Erth      100%       3d13      1%          3
c - Passwall              Tmut/Erth      31%        N/A       1%          2
d - Borgnjor's Vile Clut  Necr/Erth      18%        N/A       11%         5
e - Iron Shot             Conj/Erth      26%        9d6       8%          6

Your spell library contained the following spells:

 Spells                   Type           Power      Damage    Failure   Level
 Magic Dart               Conj           100%       1d8       1%          1
 Petrify                  Tmut/Erth      38%        N/A       3%          4
 Iskenderun's Battlesphe  Conj           45%        2d10      4%          5
 Beastly Appendage        Tmut           24%        N/A       6%          1
 Mephitic Cloud           Conj/Pois/Air  20%        N/A       7%          3
 Wereblood                Tmut           12%        N/A       9%          2
 Flame Wave               Conj/Fire      27%        2d7       11%         4
 Call Imp                 Summ           8%         N/A       13%         2
 Ensorcelled Hibernation  Hex/Ice        16%        N/A       13%         2
 Poisonous Vapours        Pois/Air       16%        N/A       13%         2
 Scorch                   Fire           16%        2d5       13%         2
 Ignite Poison            Fire/Tmut/Pois 9%         N/A       22%         3
 Spider Form              Tmut/Pois      10%        N/A       22%         3
 Ozocubu's Armour         Ice            8%         N/A       26%         3
 Portal Projectile        Hex/Tloc       16%        N/A       26%         3
 Tukima's Dance           Hex            8%         N/A       26%         3
 Irradiate                Conj/Tmut      14%        3d18      26%         5
 Anguish                  Hex/Necr       4%         N/A       65%         4
 Animate Dead             Necr           8%         N/A       65%         4
 Olgreb's Toxic Radiance  Pois           8%         N/A       65%         4
 Blade Hands              Tmut           6%         N/A       85%         5
 Starburst                Conj/Fire      13%        6d6       86%         6
 Death Channel            Necr           4%         N/A       100%        6
 Summon Cactus Giant      Summ           4%         N/A       100%        6
 Spellforged Servitor     Conj/Summ      13%        N/A       100%        7
 Summon Hydra             Summ           4%         N/A       100%        7
 Necromutation            Tmut/Necr      5%         N/A       100%        8
 Sublimation of Blood     Necr           Unusable   N/A       N/A         2

Dungeon Overview and Level Annotations

Branches:
Dungeon (10/15)            Temple (1/1) D:4
   Lair: D:8-11         Orc: D:9-12

Altars:
Ashenzari
Cheibriados
Dithmenos
Elyvilon
Fedhas
Gozag
Hepliaklqana
Kikubaaqudgha
Makhleb
Nemelex Xobeh
Okawaru
Qazlal
Ru
Sif Muna
Trog
Uskayaw
Yredelemnul
Zin
The Shining One

Shops:
D:2 [?!   D:5 [

Annotations:
D:8 3 runed translucent doors, turdburglar's ghost, journeyman GnAM


Innate Abilities, Weirdness & Mutations

You are immune to sickness and miasma.
Your stone body is resilient. (AC +8)
You are immune to poison.
You resist negative energy. (rN+)
You are resistant to electric shocks. (rElec)
You are resistant to unholy torment.
You are immune to petrification.


Message History

The vampire mosquito bites you! The vampire mosquito barely misses you.
The vampire mosquito bites you but does no damage.
The killer bee closely misses you.
The vampire mosquito closely misses you. x2
The vampire mosquito bites you but does no damage. x2
The troll bites you! The troll claws you but does no damage.
The troll claws you. The killer bee closely misses you.
There is a stone staircase leading up here.
The vampire mosquito barely misses you.
The vampire mosquito closely misses you. x2
The vampire mosquito misses you.
The killer bee stings you but does no damage.
The vampire mosquito bites you but does no damage. x2
The vampire mosquito closely misses you.
The vampire mosquito bites you but does no damage.
The troll completely misses you. The troll claws you but does no damage.
The troll claws you.
The killer bee stings you but does no damage.
You climb upwards.
There is a stone staircase leading down here.
As you read the scroll of teleportation, it crumbles to dust.
You feel strangely unstable.
The vampire mosquito bites you but does no damage.
The vampire mosquito bites you. x3
* * * LOW HITPOINT WARNING * * *
The vampire mosquito bites you.
* * * LOW HITPOINT WARNING * * *
The troll bites you.
* * * LOW HITPOINT WARNING * * *
The troll barely misses you. The troll claws you.
* * * LOW HITPOINT WARNING * * *
Okay, then.
As you read the scroll of fear, it crumbles to dust.
You assume a fearsome visage.
The vampire mosquito is unaffected.
The troll looks frightened!
The vampire mosquito is unaffected. x3
The killer bee looks frightened!
The vampire mosquito bites you.
* * * LOW HITPOINT WARNING * * *
The vampire mosquito bites you but does no damage. x4
The vampire mosquito bites you.
You die...

#.#..#...'...#....
#.#..#...#...'....
#....###.#...#####
#......#.####.....
#.#..#.#....#..#..
#.#....#.####.....
#......###........
#yy........#......
#@#.....#........#
#yy.......######.#
#.T.y######......#
#.##.#......####.#
#.##.#......####.#
#....#...#####.#.'
#....#...#...#.#.#
#.##.#...#...#.#.#
#.##.#...#...#.#.#


You could see a troll (fleeing), 4 vampire mosquitoes and a killer bee
(fleeing).

Vanquished Creatures
  Harold (D:9)
  A two-headed ogre (D:9)
  A centaur warrior (D:9)
  2 deep elf pyromancers (D:9)
  An ugly thing (D:9)
  An orc sorcerer (D:9)
  A deep elf zephyrmancer (D:9)
  A cyclops (D:9)
  An unseen horror (D:7)
  A komodo dragon (D:9)
  A shadow (D:9)
  7 yaks (D:9)
  A wraith (D:9)
  2 wyverns (D:9)
  A vampire mosquito (D:9)
  Edmund (D:6)
  An acid dragon (D:9)
  2 orc warriors (D:9)
  A sky beast (D:7)
  3 ice beasts
  4 black bears
  A tengu (shapeshifter) (D:9)
  A centaur (D:9)
  4 phantoms
  2 kobold brigands
  6 bullfrogs
  Blork the orc (D:4)
  A gnoll sergeant (D:7)
  A necrophage (D:6)
  A scorpion (D:4)
  6 wights
  11 killer bees (D:9)
  6 howler monkeys
  A hound (D:5)
  4 jellies
  8 orc priests
  7 iguanas
  9 orc wizards
  7 gnolls
  7 adders
  2 ufetubi
  A worm (D:3)
  3 dart slugs
  22 orcs
  5 ball pythons
  7 endoplasms
  2 giant cockroaches (D:3)
  6 goblins
  7 hobgoblins
  3 jackals (D:4)
  13 kobolds
  6 bats (D:1)
  3 frilled lizards
  6 rats
  A spectral hobgoblin (D:6)
206 creatures vanquished.

Vanquished Creatures (others)
  6 fungi (D:8)
  8 plants (D:9)
  4 toadstools (D:8)
18 creatures vanquished.

Grand Total: 224 creatures vanquished

Notes
Turn   | Place    | Note
-------+----------+-------------------------------------------
     0 | D:1      | ders the Gargoyle Earth Elementalist began the quest for
                  | the Orb.
     0 | D:1      | Reached XP level 1. HP: 10/10 MP: 3/3
   173 | D:1      | Reached skill level 1 in Transmutations
   173 | D:1      | Reached XP level 2. HP: 15/15 MP: 3/5
   925 | D:1      | Reached XP level 3. HP: 19/19 MP: 2/6
  1525 | D:2      | Found Otziv's Magic Scroll Boutique.
  1528 | D:2      | Found Xixou's Armour Boutique.
  1577 | D:2      | Bought a scroll of blinking for 82 gold pieces
  1738 | D:2      | Reached skill level 1 in Conjurations
  1742 | D:2      | Learned a level 3 spell: Stone Arrow
  2031 | D:2      | Found Coheck's Distillery.
  2062 | D:2      | Bought a potion of curing for 39 gold pieces
  2282 | D:3      | Reached XP level 4. HP: 24/24 MP: 2/7
  2623 | D:3      | Got the Almanac of Envenoming and Attacks
  3057 | D:4      | Found a staircase to the Ecumenical Temple.
  3059 | D:4      | Noticed Blork the orc
  3067 | Temple   | Entered the Ecumenical Temple
  3285 | D:4      | Killed Blork the orc
  3286 | D:4      | Reached XP level 5. HP: 15/28 MP: 3/9
  4061 | D:4      | Reached skill level 4 in Earth Magic
  4484 | D:4      | Reached XP level 6. HP: 32/32 MP: 6/10
  4543 | D:5      | Entered Level 5 of the Dungeon
  4577 | D:5      | Noticed an ice beast
  4583 | D:5      | Killed an ice beast
  4584 | D:5      | Reached skill level 5 in Earth Magic
  4708 | D:5      | Found a white marble altar of Elyvilon.
  4801 | D:5      | Reached XP level 7. HP: 36/36 MP: 2/12
  4970 | D:5      | Found a snail-covered altar of Cheibriados.
  4970 | D:5      | Found a burning altar of Makhleb.
  5097 | D:5      | Reached skill level 6 in Earth Magic
  5538 | D:5      | Found Puiplubb's Armour Boutique.
  5692 | D:5      | Reached skill level 7 in Earth Magic
  5692 | D:5      | Reached XP level 8. HP: 41/41 MP: 7/14
  5955 | D:5      | Learned a level 2 spell: Passwall
  6416 | D:6      | Noticed Edmund
  6906 | D:6      | Reached skill level 8 in Earth Magic
  6933 | D:6      | Reached skill level 5 in Conjurations
  7257 | D:6      | Reached skill level 5 in Spellcasting
  7649 | D:6      | Reached skill level 9 in Earth Magic
  7983 | D:6      | Found a hazy altar of Hepliaklqana.
  7997 | D:6      | Found a bloodstained altar of Trog.
  8060 | D:6      | Killed Edmund
  8061 | D:6      | Reached XP level 9. HP: 45/45 MP: 0/17
  8861 | D:7      | Reached skill level 10 in Earth Magic
  9427 | D:7      | Killed an unseen horror
  9572 | D:8      | Reached skill level 11 in Earth Magic
 10106 | D:8      | Found a runed translucent gate.
 10106 | D:8      | Found a runed translucent gate.
 10107 | D:8      | Found a runed translucent gate.
 10108 | D:8      | Noticed turdburglar's ghost (journeyman GnAM)
 10341 | D:8      | Found a hide-covered altar of Uskayaw.
 10426 | D:8      | Reached XP level 10. HP: 50/50 MP: 15/19
 10572 | D:9      | Noticed a cyclops
 10577 | D:9      | Killed a cyclops
 10784 | D:9      | Reached skill level 12 in Earth Magic
 10868 | D:9      | Noticed an orc sorcerer
 10869 | D:9      | Noticed a deep elf pyromancer
 10870 | D:9      | Noticed a deep elf zephyrmancer
 10871 | D:9      | Killed an orc sorcerer
 10871 | D:9      | Noticed a deep elf pyromancer
 11231 | D:9      | Killed a deep elf pyromancer
 11232 | D:9      | Reached skill level 13 in Earth Magic
 11593 | D:9      | Noticed a centaur warrior
 11594 | D:9      | Noticed Harold
 11597 | D:9      | Killed a centaur warrior
 11598 | D:9      | Reached XP level 11. HP: 37/54 MP: 9/22
 11814 | D:9      | Killed Harold
 11815 | D:9      | Reached skill level 14 in Earth Magic
 12253 | D:9      | Killed a deep elf pyromancer
 12282 | D:9      | Noticed a green ugly thing
 12304 | D:9      | Killed a green ugly thing
 12448 | D:9      | Identified a scroll of acquirement
 12448 | D:9      | Acquired a book of Power
 12456 | D:9      | Learned a level 5 spell: Borgnjor's Vile Clutch
 12629 | D:9      | Noticed a two-headed ogre
 12635 | D:9      | Killed a two-headed ogre
 12953 | D:9      | Got Sulluyri's Guide on the Icy Blaze
 12953 | D:9      | Got the Volume of Moulding
 13078 | D:9      | Killed a deep elf zephyrmancer
 13079 | D:9      | Reached skill level 15 in Earth Magic
 13127 | D:10     | Entered Level 10 of the Dungeon
 13137 | D:9      | Learned a level 6 spell: Iron Shot
 13178 | D:9      | HP: 2/54 [vampire mosquito (3)]
 13178 | D:9      | Slain by a vampire mosquito

Illustrated notes

Levels and vault maps discovered:
D:1:      lemuel_arrival_room, layout_basic, kennysheep_boxes
D:2:      layout_basic, serial_shops, shop, nicolae_shop_window_shopping, shop,
          hex_intersection, minmay_pentomino_x2
D:3:      layout_basic, minmay_misc_feat_enclosed, kennysheep_big_empty_room,
          minmay_misc_feat_five
D:4:      layout_basic, minmay_temple_entry_mini_moons,
          chequers_decorated_corner, kennysheep_generic_room_6,
          uniq_blork_the_orc
D:5:      layout_basic, gammafunk_temple_overflow_wave, elyvilon_altar_4,
          serial_shops, shop_statue, minmay_increasing_density
D:6:      layout_basic, nicolae_hepliaklqana_monster_ancestors,
          kennysheep_mini_moat, uniq_edmund
D:7:      minmay_angry_zag, layout_basic
D:8:      layout_gridville, nicolae_uskayaw_dance_hall,
          gammafunk_ghost_nasty_kobolds, minmay_fountain_box,
          minmay_gold_behind_fungi
D:9:      minmay_the_grid_net [minmay_the_grid_fan, minmay_the_grid_medium_cups,
          minmay_the_grid_minigrid_small, minmay_the_grid_tri_star,
          minmay_the_grid_holed_spiral, minmay_the_grid_prize_shrinking_boxes],
          layout_stronghold, minmay_lizard_king, uniq_harold
D:10:     minmay_polygon_palace, layout_basic,
          mainiacjoe_overflow_catch_the_wave, vehumet_altar_wand_db
Temple:   nicolae_temple_figure_eight

Skill      XL: |  1  2  3  4  5  6  7  8  9 10 11 |
---------------+----------------------------------+-----
Transmutations | 1 |  1.0
Dodging        | 2 3 |  3.1
Conjurations   | 1 2 3 4 5 7 9 |  9.9
Earth Magic    | 4 5 7 9 11 13 15 | 15.0
Spellcasting   | 3 4 5 6 7 8 |  8.6
Stealth        | |  2.3

Action                   |  1- 3 |  4- 6 |  7- 9 | 10-12 || total
-------------------------+-------+-------+-------+-------++-------
Melee: Dagger            |       |    17 |    28 |     7 ||    52
 Cast: Sandblast         |    58 |    48 |    42 |    58 ||   206
       Stone Arrow       |       |    15 |   125 |    83 ||   223
       Passwall          |       |       |     2 |       ||     2
  Use: Potion            |       |     1 |     1 |     3 ||     5
       Scroll            |       |       |     1 |    23 ||    24
Armor: Robe              |     7 |    20 |    63 |    47 ||   137
Dodge: Dodged            |    14 |    28 |    58 |    82 ||   182

Table legend: (Time is in decaauts)
 A = Elapsed time spent in this place.
 B = Non-inter-level travel time spent in this place.
 C = Inter-level travel time spent in this place.
 D = Time resting spent in this place.
 E = Time spent auto-exploring this place.
 F = Levels seen in this place.
 G = Mean time per level.
                   A        B        C        D        E       F      G
               +--------+--------+--------+--------+--------+-----+--------+
         Total |  13178 |  12881 |    297 |   2036 |   9416 |  11 | 1198.0 |
       Dungeon |  12964 |  12677 |    287 |   2036 |   9217 |  10 | 1296.4 |
        Temple |    213 |    203 |     10 |      0 |    199 |   1 |  213.0 |
               +--------+--------+--------+--------+--------+-----+--------+

Top non-repeatable levels by time:
     D:9: 2676 daAuts
     D:5: 2163 daAuts
     D:6: 1653 daAuts
     D:1: 1454 daAuts
     D:4: 1319 daAuts
     D:7: 1319 daAuts
     D:3: 827 daAuts
     D:8: 819 daAuts
     D:2: 726 daAuts
  Temple: 213 daAuts
    D:10: 4 daAuts
